 Dungeon Crawl Stone Soup version 0.22.1-2-g9c5b331383 (webtiles) character file.

116 Knicklaso the Charmwright (level 5, -9/34 HPs)
             Began as a Halfling Skald on Dec 12, 2018.
             Was a Follower of Nemelex Xobeh.
             Killed by divine providence
             ... invoked by an orc priest
              (13 damage)
             ... on level 4 of the Dungeon.
             The game lasted 00:04:27 (2780 turns).

Knicklaso the Charmwright (Halfling Skald)          Turns: 2780, Time: 00:04:28

Health: -9/34      AC:  5    Str: 12    XL:     5   Next: 20%
Magic:  7/8        EV: 14    Int: 12    God:    Nemelex Xobeh [*.....]
Gold:   222        SH:  0    Dex: 14    Spells: 7/8 levels left

rFire    . . .     SeeInvis .   a - +0 falchion
rCold    . . .     Gourm    .   (shield restricted)
rNeg     . . .     Faith    .   c - +0 leather armour
rPois    .         Spirit   .   g - +1 helmet
rElec    .         Reflect  .   (no cloak)
rCorr    .         Harm     .   (no gloves)
MR       .....                  (no boots)
Stlth    +.........             (no amulet)
HPRegen  0.11/turn              (no ring)
MPRegen  0.11/turn              (no ring)

@: no status effects
A: small, mutation resistance 1
a: Renounce Religion


You were on level 4 of the Dungeon.
You worshipped Nemelex Xobeh.
Nemelex Xobeh was aware of your devotion.
You were not hungry.

You visited 1 branch of the dungeon, and saw 4 of its levels.

You collected 222 gold pieces.

Inventory:

Hand Weapons
 a - a +0 falchion (weapon)
 b - a +0 hunting sling
Missiles
 f - 32 sling bullets
 i - 29 stones (quivered)
Armour
 c - a +0 leather armour (worn)
 g - a +1 helmet (worn)
Jewellery
 o - a +3 ring of intelligence {unknown}
Scrolls
 e - 4 scrolls of magic mapping {unknown}
 h - 8 scrolls of identify {unknown}
 m - 3 scrolls of remove curse {unknown}
 n - 3 scrolls of teleportation {unknown}
 q - a scroll of fear {unknown}
 t - a scroll of blinking {unknown}
 u - a scroll of enchant weapon {unknown}
Potions
 j - 4 potions of agility {unknown}
 k - a potion of heal wounds {unknown}
 l - 2 potions of might {unknown}
 p - a potion of flight {unknown}
 r - a potion of haste {unknown}
Miscellaneous
 s - a plain deck of summoning {drawn: 2}
Comestibles
 d - 7 rations
 v - a chunk of flesh


   Skills:
 + Level 2.2 Fighting
 * Level 3.0 Long Blades
 + Level 1.9 Armour
 + Level 2.5 Dodging
 + Level 2.0 Spellcasting
 * Level 4.1 Charms
 + Level 0.3 Invocations


You had 7 spell levels left.
You knew the following spells:

 Your Spells              Type           Power        Failure   Level  Hunger
a - Infusion              Chrm           ##..         6%          1    ##.....

Your spell library contained the following spells:

 Spells                   Type           Power        Failure   Level  Hunger
 Song of Slaying          Chrm           ##......     10%         2    ###....
 Shroud of Golubria       Chrm/Tloc      #.........   22%         2    ###....
 Regeneration             Chrm/Necr      #.........   41%         3    ####...
 Spectral Weapon          Hex/Chrm       #.......     41%         3    ####...


Dungeon Overview and Level Annotations

Branches:
Dungeon (4/15)
 Temple: D:4-7

Altars:
Dithmenos
Fedhas
Nemelex Xobeh
Okawaru

Annotations:
D:2 Sigmund


Innate Abilities, Weirdness & Mutations

You are small and have problems with some larger weapons.
You are somewhat resistant to further mutation.


Message History

r - Retreat! s - Stop attacking. g - Guard the area. f - Follow me.
Anything else - Cancel.
Gang up on whom?
Press: ? - help, Dir - move target cursor, f - orc priest
Aim: an orc priest, wielding a hand axe Attack!
Your enchanted quarterstaff hits the orc priest but does no damage.
You hit the orc priest.
The orc priest is moderately wounded.
The orc priest hits you with a hand axe.
* * * LOW HITPOINT WARNING * * *
The orc priest barely misses your enchanted quarterstaff.
Your enchanted quarterstaff hits the orc priest but does no damage.
You hit the orc priest.
The orc priest is severely wounded.
The orc priest invokes the aid of Beogh against you.
Beogh smites you!
You die...
Your body disappears without a glow.

.............................
..........#..####.#########.#
.............# #.#
###...#.##...# #.#
###....#o..####oo #.#
.....#..#.....o.o. #.§
######......#. #.§ #.##)###.
#.§ #...oo@# #.. ####..(#
#...# #...# ....# .....#
....### .....


You could see an orc priest, an orc and a friendly enchanted quarterstaff.

Vanquished Creatures
  A howler monkey skeleton (D:4)
  5 adders
  A worm (D:4)
  5 dart slugs
  A leopard gecko (D:3)
  An orc (D:4)
  5 bats
  3 giant cockroaches (D:1)
  2 goblins (D:2)
  8 hobgoblins
  4 kobolds
  2 quokkas (D:2)
  A ball python (D:4)
  2 frilled lizards (D:2)
  8 rats
49 creatures vanquished.

Vanquished Creatures (collateral kills)
  An orc (D:4)
1 creature vanquished.

Grand Total: 50 creatures vanquished

Notes
Turn   | Place    | Note
-------+----------+-------------------------------------------
     0 | D:1      | Knicklaso the Halfling Skald began the quest for the Orb.
     0 | D:1      | Reached XP level 1. HP: 14/14 MP: 3/3
    93 | D:1      | Reached XP level 2. HP: 17/19 MP: 4/4
   499 | D:1      | Reached XP level 3. HP: 23/24 MP: 5/5
  1036 | D:2      | Noticed Sigmund
  1338 | D:2      | Found a blossoming altar of Fedhas.
  1352 | D:2      | Reached XP level 4. HP: 23/29 MP: 6/6
  2100 | D:2      | Found a sparkling altar of Nemelex Xobeh.
  2139 | D:2      | Became a worshipper of Nemelex Xobeh the Trickster
  2190 | D:3      | Reached skill level 4 in Charms
  2276 | D:3      | Found an iron altar of Okawaru.
  2439 | D:3      | Received a gift from Nemelex Xobeh
  2576 | D:4      | Found a shadowy altar of Dithmenos.
  2589 | D:4      | Reached XP level 5. HP: 28/34 MP: 7/7
  2739 | D:4      | Reached * piety under Nemelex Xobeh
  2780 | D:4      | Killed from afar by an orc priest

Skill      XL: |  1  2  3  4  5 |
---------------+----------------+-----
Fighting       | 2 |  2.2
Charms         | 4 |  4.1
Long Blades    | 3 |  3.0
Spellcasting   | 2 |  2.0
Armour         | |  1.9
Dodging        | |  2.5
Invocations    | |  0.3

Action                   |  1- 3 |  4- 6 || total
-------------------------+-------+-------++-------
Melee: Falchion          |   104 |    80 ||   184
 Fire: Hunting sling     |       |     2 ||     2
 Cast: Infusion          |     1 |     1 ||     2
Evoke: Deck              |       |     2 ||     2
 Stab: Sleeping          |     1 |     1 ||     2
  Eat: Chunk             |     2 |     4 ||     6
Armor: Leather armour    |    24 |    26 ||    50
Dodge: Dodged            |    72 |    52 ||   124
       Rpst.: Falchion   |    22 |    21 ||    43
